 Dungeon Crawl Stone Soup version 0.29-a0-356-g7bc237e783 (webtiles) character file.

Game seed: 12695979221727768116

13132 Shayle the Covert (level 12, -12/124 HPs)
             Began as a Tengu Brigand on Apr 26, 2022.
             Was an Initiate of Ashenzari.
             Mangled by a sun demon (18 damage)
             ... in a volcano on Apr 27, 2022.
             The game lasted 00:43:41 (13051 turns).

Shayle the Covert (Tengu Brigand)                  Turns: 13051, Time: 00:43:41

Health: -12/124    AC: 33    Str: 11    XL:     12   Next: 2%
Magic:  13/13      EV:  2    Int: 18    God:    Ashenzari [......]
Gold:   657        SH:  9    Dex: 15    Spells: 11/11 levels left

rFire   + . .      SeeInvis .   z - +2 rapier (protect)
rCold   + . .      Faith    .   T - +3 warlock's mirror {reflect}
rNeg    . . .      Spirit   .   (body armour currently unavailable)
rPois   +          Reflect  +   (helmet currently unavailable)
rElec   .          Harm     .   (cloak currently unavailable)
rCorr   .          Rampage  .   (gloves currently unavailable)
Will    .....      NoTele   +   (boots unavailable)
Stlth   +++++.....              g - amulet of the Chained Comet {Regen+, Bglg, Fort} (curse)
HPRegen 1.10/turn               N - ring "Eraumiasche" {rF+ rC+}
MPRegen 0.13/turn               (no ring)

@: tree-form, under a protective aura
A: stationary, stasis, torment immunity, boosted hp, (beak), (talons 3), nimble
flight, sense surroundings 1, robust 1
a: Renounce Religion, Curse Item, Shatter the Chains


You were in a volcano.
You worshipped Ashenzari.
Ashenzari was noncommittal.
You were a tree.
You visited 3 branches of the dungeon, and saw 13 of its levels.
You also visited: Bailey and Volcano.

You collected 657 gold pieces.

Inventory:

Hand Weapons
 a - a +2 dagger
 t - a +2 whip of electrocution
 z - a +2 rapier of protection (weapon)
 F - a +0 glaive of pain
 Q - a +0 broad axe
Missiles
 d - 38 poisoned darts (quivered)
 J - 4 datura-tipped darts
Armour
 b - a +0 robe
 c - a +2 cloak (melded)
 j - a +3 leather armour
 s - a scarf of repulsion
 w - a +1 scale mail of willpower
 y - a +3 leather armour of fire resistance (melded)
 C - a +0 buckler
 T - the +3 warlock's mirror (worn) {reflect}
   (You acquired it on level 9 of the Dungeon)

   It can block and reflect piercing ranged attacks and magical attacks against
   the wielder's willpower.
Jewellery
 g - the cursed amulet of the Chained Comet (around neck) {Regen+, Bglg, Fort}
   (You found it on level 1 of the Dungeon)

   [amulet of regeneration]

   Regen:     It increases your rate of health regeneration.
   It has a curse which improves the following skills: Beguiling: Conjurations,
   Hexes and Translocations.
   Fortitude: Armour and Shields.
 v - a ring of ice
 B - an amulet of magic regeneration
 D - a ring of ice
 E - a ring of fire
 N - the ring "Eraumiasche" (left branch) {rF+ rC+}
   (You acquired it on level 9 of the Dungeon)

   [ring of protection from fire]

   rF:        It protects you from fire.
   rC:        It protects you from cold.
 U - a ring of magical power
 V - a ring of positive energy
Wands
 G - a wand of digging (4)
 L - a wand of polymorph (3)
 P - a wand of flame (7)
 S - a wand of mindburst (5)
Scrolls
 e - 2 scrolls of torment
 f - 2 scrolls of enchant weapon
 h - a scroll of magic mapping
 i - 3 scrolls of teleportation
 o - 3 scrolls of fog
 p - 3 scrolls of vulnerability
 q - 3 scrolls of blinking
 K - 2 scrolls of amnesia
 M - 2 scrolls of fear
 W - a scroll of enchant armour
Potions
 k - 4 potions of curing
 l - 12 potions of degeneration
 n - a potion of mutation
 u - 3 potions of haste
 x - a potion of flight
 A - a potion of lignification
 O - a potion of attraction {unknown}


   Skills:
 + Level 9.3 Fighting
 - Level 2.1 Short Blades
 - Level 2.0 Throwing
 + Level 5.4(5.8) Armour
 - Level 8.3 Dodging
 + Level 10.7 Stealth
 + Level 6.2(6.7) Shields
 + Level 6.3(6.8) Conjurations
 + Level 3.6(4.0) Hexes
 + Level 4.0(4.4) Translocations


You had 11 spell levels left.
You didn't know any spells.
Your spell library contained the following spells:

 Spells                   Type           Power      Damage    Failure   Level
 Summon Small Mammal      Summ           0%         N/A       28%         1
 Summon Guardian Golem    Hex/Summ       7%         N/A       36%         3
 Call Canine Familiar     Summ           0%         N/A       63%         3


Dungeon Overview and Level Annotations

Branches:
Dungeon (11/15)            Temple (1/1) D:7            Lair (1/6) D:11
    Orc (0/2) D:9          Bailey (visited)         Volcano (1/1)

Altars:
Ashenzari
Cheibriados
Dithmenos
Elyvilon
Fedhas
Gozag
Hepliaklqana
Kikubaaqudgha
Makhleb
Nemelex Xobeh
Okawaru
Qazlal
Ru
Sif Muna
Trog
Uskayaw
Vehumet
Wu Jian
Xom
Zin

Shops:
D:6 (   D:7 =

Annotations:
D:5 1 runed translucent door, Crazy Yiuf
D:10 Snorg


Innate Abilities, Weirdness & Mutations

You are a tree.
Your roots penetrate the ground, keeping you stationary.
You cannot be teleported.
You are immune to unholy pain and torment.
Your maximum health is greatly increased.
Your equipment is partially melded.
((You have a beak for a mouth.))
((You have claws for feet.))
Your magical nature lets you fly swiftly and evasively.
You passively map a small area around you.
You are robust. (+10% HP)


Message History

The sun demon hits you!
You are engulfed in flames.
You resist.
You can't see any enemies this would affect, really read the scroll of torment?
Okay, then.
You hit the sun demon.
Your weapon exudes an aura of protection.
The sun demon is lightly wounded.
The sun demon hits you but does no damage. x2
The sun demon hits you!
You are engulfed in flames.
You resist.
Unknown command.
You puncture the sun demon!
The sun demon is moderately wounded.
The sun demon hits you!
* * * LOW HITPOINT WARNING * * *
You are engulfed in flames.
You resist.
* * * LOW HITPOINT WARNING * * *
The sun demon hits you but does no damage.
You hit the sun demon.
The sun demon is moderately wounded.
The sun demon hits you but does no damage. x2
The sun demon hits you!
* * * LOW HITPOINT WARNING * * *
You are engulfed in flames.
You resist.
* * * LOW HITPOINT WARNING * * *
You hit the sun demon but do no damage.
The sun demon is moderately wounded.
The sun demon hits you but does no damage. x2
You block the sun demon's attack.
Unknown command.
You hit the sun demon but do no damage.
The sun demon is moderately wounded.
Your resistance to elements expires.
The sun demon hits you but does no damage.
The sun demon hits you!
* * * LOW HITPOINT WARNING * * *
You are engulfed in flames.
You resist.
* * * LOW HITPOINT WARNING * * *
You hit the sun demon but do no damage.
The sun demon is moderately wounded.
You block the sun demon's attack. The sun demon hits you!!
You die...

*#######
*#.##..#.§##### ,
......§§...###
#§#≈≈.§§.....###
#.#§§§§#≈.§.....##
,
#§§§.§§§§§.....§##
#.##.###§####.§..##
....§ ##.....33#
##...§#* .....§#
###...♣.# ##h.§.#
#..§...## ##.....#
#....#
#≈......###.....##
#....#
##......#......##
#8..8#
#.......§.....##
#....#
#.....§§§......#
#....#
#≈....§§§§§§...#
#8..8#
#......#§.§...§###
* +
#......#####.°...##
, *


You could see 2 sun demons.

Vanquished Creatures
  2 vault guards (Bailey)
  Maggie (D:7)
  A smoke demon (Volcano)
  A troll (D:9)
  Prince Ribbit (Bailey)
  A shadow (D:11)
  3 wyverns (D:11)
  17 yaks
  4 humans (Bailey)
  Eustachio (D:4)
  A basilisk (D:11)
  A steam dragon (Volcano)
  A warg (D:9)
  An acid dragon (D:8)
  A hell hound (Volcano)
  5 water moccasins
  An orc warrior (D:7)
  A swamp drake (D:7)
  2 ice beasts (D:5)
  5 ogres
  A centaur (D:6)
  2 phantoms (D:6)
  2 kobold brigands
  Blork the orc (D:5)
  16 bullfrogs
  3 gnoll sergeants
  A necrophage (D:7)
  3 scorpions
  10 wights
  A howler monkey (D:6)
  A gnoll shaman (D:8)
  5 hounds
  4 jellies
  7 orc priests
  Jessica (D:3)
  4 iguanas
  11 orc wizards
  22 gnolls
  15 adders
  A shadow imp (D:5)
  3 white imps
  3 worms
  5 dart slugs
  38 orcs
  5 ball pythons
  7 bats
  An endoplasm (D:1)
  2 giant cockroaches (D:1)
  11 goblins
  4 hobgoblins
  5 jackals
  A frilled lizard (D:3)
  15 kobolds
  4 rats
266 creatures vanquished.

Vanquished Creatures (collateral kills)
  2 sun demons (Volcano)
  A smoke demon (Volcano)
  A hell hound (Volcano)
4 creatures vanquished.

Vanquished Creatures (others)
  3 fungi (D:11)
  45 plants
48 creatures vanquished.

Grand Total: 318 creatures vanquished

Notes
Turn   | Place    | Note
-------+----------+-------------------------------------------
     0 | D:1      | Shayle the Tengu Brigand began the quest for the Orb.
     0 | D:1      | Reached XP level 1. HP: 12/12 MP: 2/2
   382 | D:1      | Reached XP level 2. HP: 17/17 MP: 3/3
  1267 | D:2      | Reached XP level 3. HP: 22/22 MP: 4/4
  1476 | D:2      | Identified the +0 helmet of Vehumet's Condemnation {-Tele
                  | Harm rElec rN++}
  1602 | D:2      | Reached XP level 4. HP: 14/28 MP: 5/5
  2600 | D:3      | Found a snail-covered altar of Cheibriados.
  2659 | D:3      | Noticed Jessica
  2668 | D:3      | Killed Jessica
  2669 | D:3      | Reached skill level 5 in Stealth
  2669 | D:3      | Gained mutation: Your magical nature lets you fly swiftly
                  | and evasively. [Tengu growth]
  2669 | D:3      | Reached XP level 5. HP: 32/32 MP: 6/6
  3481 | D:4      | Noticed Eustachio
  3483 | D:4      | Reached XP level 6. HP: 38/38 MP: 7/7
  3925 | D:4      | Killed Eustachio
  3993 | D:4      | Found a sparkling altar of Nemelex Xobeh.
  3993 | D:4      | Found a white marble altar of Elyvilon.
  3993 | D:4      | Found a bloodstained altar of Trog.
  4033 | D:4      | Reached skill level 6 in Stealth
  4033 | D:4      | Reached XP level 7. HP: 44/44 MP: 8/8
  4345 | D:5      | Entered Level 5 of the Dungeon
  4345 | D:5      | Noticed Duvessa
  4345 | D:5      | Noticed Dowan
  4613 | D:4      | Reached skill level 5 in Dodging
  4679 | D:4      | Reached skill level 5 in Fighting
  4935 | D:5      | Noticed Duvessa
  4935 | D:5      | Duvessa changed into Duvessa the hound
  4937 | D:5      | Noticed Dowan
  4937 | D:5      | Dowan changed into Dowan the goblin
  4943 | D:5      | Killed Duvessa the hound
  4946 | D:5      | Killed Dowan the goblin
  4995 | D:5      | Reached XP level 8. HP: 48/49 MP: 9/9
  5011 | D:5      | Noticed Blork the orc
  5096 | D:5      | Killed Blork the orc
  5202 | D:5      | Reached skill level 7 in Stealth
  6014 | D:6      | Found Mieqamum's Weapon Shoppe.
  6631 | D:5      | Found a runed translucent door.
  6632 | D:5      | Noticed Crazy Yiuf
  6707 | D:5      | Reached skill level 8 in Stealth
  6748 | D:5      | Reached XP level 9. HP: 41/56 MP: 10/10
  6884 | D:5      | Reached skill level 1 in Shields
  7331 | D:7      | Found Ruemes's Jewellery Boutique.
  8142 | D:7      | Found a staircase to the Ecumenical Temple.
  8159 | Temple   | Entered the Ecumenical Temple
  8272 | Temple   | Became a worshipper of Ashenzari the Shackled
  8319 | D:7      | Noticed Maggie
  8528 | D:7      | Gained mutation: You passively map a small area around you.
                  | [potion of mutation]
  8528 | D:7      | Gained mutation: You are robust. (+10% HP) [potion of
                  | mutation]
  8536 | D:7      | Killed Maggie
  8705 | Temple   | Reached skill level 9 in Stealth
  9738 | D:8      | Reached XP level 10. HP: 70/70 MP: 11/11
 10576 | D:8      | Reached skill level 1 in Armour
 10576 | D:8      | Reached skill level 1 in Conjurations
 10718 | D:9      | Found a flagged portal.
 10762 | Bailey   | Entered a bailey
 10783 | Bailey   | Reached skill level 1 in Translocations
 10805 | Bailey   | Reached skill level 1 in Hexes
 10987 | Bailey   | Noticed a vault guard
 10987 | Bailey   | Noticed Prince Ribbit
 11011 | Bailey   | Noticed a vault guard
 11030 | Bailey   | Killed a vault guard
 11097 | Bailey   | Killed Prince Ribbit
 11116 | Bailey   | Killed a vault guard
 11196 | D:9      | Found a staircase to the Orcish Mines.
 11199 | D:9      | Reached skill level 5 in Shields
 11225 | D:9      | Reached XP level 11. HP: 71/75 MP: 12/12
 11233 | D:9      | Reached skill level 10 in Stealth
 11915 | D:9      | Identified 2 scrolls of acquirement
 11915 | D:9      | Acquired the +3 warlock's mirror {reflect}
 11915 | D:9      | Found the +3 warlock's mirror {reflect}
 11928 | D:9      | Acquired the ring "Eraumiasche" {rF+ rC+}
 11955 | D:10     | Entered Level 10 of the Dungeon
 12038 | D:10     | Noticed Snorg
 12089 | D:11     | Noticed a five-headed hydra
 12300 | D:11     | Found a staircase to the Lair.
 12339 | D:11     | Reached skill level 5 in Conjurations
 12645 | D:11     | Noticed a red ugly thing
 12663 | Lair:1   | Entered Level 1 of the Lair of Beasts
 12798 | Lair:1   | Found a dark tunnel.
 12813 | Volcano  | Entered a volcano
 12840 | Volcano  | Reached skill level 5 in Armour
 12925 | Volcano  | Noticed a sun demon
 12980 | Volcano  | Noticed a sun demon
 12990 | Volcano  | Killed a sun demon
 12996 | Volcano  | Killed a sun demon
 13005 | Volcano  | Reached XP level 12. HP: 24/83 MP: 13/13
 13031 | Volcano  | Noticed a sun demon
 13031 | Volcano  | Noticed a sun demon
 13050 | Volcano  | HP: 4/124 [sun demon (6)]
 13051 | Volcano  | Mangled by a sun demon

Illustrated notes

Levels and vault maps discovered:
D:1:      elethiomel_arrival_quiet, layout_basic, hex_tiny,
          minmay_misc_feat_rugged, corexii_hall_statues_i, due_unseen_surprise
D:2:      layout_loops_corners
D:3:      minmay_angry_zag, layout_basic, slow_altar_1,
          hangedman_decor_peaks_small, amcnicky_mini_pool_small, uniq_jessica
D:4:      layout_cave_pools, gammafunk_temple_overflow_forgotten, serial_bayou,
          serial_bayou_lagoon_a, serial_bayou_ford_a, serial_bayou_crossing,
          serial_bayou_pond_e, serial_bayou_pond_d, serial_bayou_pond_b,
          amcnicky_mini_rare_corridor_liquid, uniq_eustachio
D:5:      layout_rooms, uniq_crazy_yiuf_cottage, uniq_duvessa,
          uniq_blork_the_orc
D:6:      layout_cave_pools, serial_shops, shop
D:7:      layout_layer_cave, minmay_temple_entry_crystal_x, serial_shops,
          nicolae_shop_trees, minmay_misc_feat_columns, skrybe_limestone_x,
          uniq_maggie
D:8:      layout_layer_cave
D:9:      layout_basic, erik_orc_3, enter_bailey_7
D:10:     layout_loops_ring, grunt_temple_overflow_holy_war,
          minmay_hollow_rounded_squares, uniq_snorg
D:11:     layout_basic, minmay_lair_entry_grove
Temple:   regret_index_temple_sphere_string
Lair:1:   layout_hall_layers, nicolae_volcano_entry_hallway, special_room
          [special_room_bee], grunt_megastairs_5, uniq_erica
Volcano:  hellmonk_smoking_crater

Skill      XL: |  1  2  3  4  5  6  7  8  9 10 11 |
---------------+----------------------------------+-----
Dodging        | 2 3 4 5 7 8 |  8.3
Fighting       | 3 4 5 6 7 8 9 |  9.3
Stealth        | 5 6 8 9 10 | 10.7
Shields        | 3 5 6 |  6.2
Armour         | 3 5 |  5.4
Conjurations   | 4 6 |  6.3
Translocations | 2 4 |  4.0
Hexes          | 2 3 |  3.6
Short Blades   | |  2.1
Throwing       | |  2.0

Action                   |  1- 3 |  4- 6 |  7- 9 | 10-12 || total
-------------------------+-------+-------+-------+-------++-------
Melee: Dagger            |    52 |   114 |   206 |       ||   372
       Kick              |    12 |    35 |   145 |   245 ||   437
       Peck              |     7 |    18 |    85 |   142 ||   252
       Punch             |       |     1 |     4 |       ||     5
       Rapier            |       |       |   211 |   601 ||   812
Throw: Dart              |     2 |     8 |    15 |     2 ||    27
Invok: Curse Item        |       |       |     1 |       ||     1
Evoke: Wand              |       |       |     9 |    10 ||    19
  Use: Scroll            |       |     3 |    13 |    15 ||    31
       Potion            |       |       |     4 |     6 ||    10
 Stab: Sleeping          |     9 |     6 |     6 |     9 ||    30
       Distracted        |     1 |       |     1 |       ||     2
       Petrifying        |       |       |       |     1 ||     1
       Petrified         |       |       |       |     1 ||     1
Armor: Leather armour    |     8 |    19 |   128 |   140 ||   295
       Scale mail        |       |    25 |       |       ||    25
       Skin              |       |       |       |     8 ||     8
Dodge: Dodged            |    29 |    73 |   332 |   424 ||   858
Block: Buckler           |       |       |    35 |   210 ||   245
       Reflection        |       |       |       |     4 ||     4

Table legend: (Time is in decaauts)
 A = Elapsed time spent in this place.
 B = Non-inter-level travel time spent in this place.
 C = Inter-level travel time spent in this place.
 D = Time resting spent in this place.
 E = Time spent auto-exploring this place.
 F = Levels seen in this place.
 G = Mean time per level.
                   A        B        C        D        E       F      G
               +--------+--------+--------+--------+--------+-----+--------+
         Total |  12517 |  12010 |    507 |   1745 |   6387 |  15 |  834.5 |
       Dungeon |  11246 |  10762 |    484 |   1305 |   6301 |  11 | 1022.4 |
        Temple |    487 |    465 |     22 |    336 |     86 |   1 |  487.0 |
          Lair |    155 |    155 |      0 |      0 |      0 |   1 |  155.0 |
        Bailey |    399 |    399 |      0 |     60 |      0 |   1 |  399.0 |
       Volcano |    228 |    228 |      0 |     43 |      0 |   1 |  228.0 |
               +--------+--------+--------+--------+--------+-----+--------+

Top non-repeatable levels by time:
     D:7: 1603 daAuts
     D:3: 1562 daAuts
     D:1: 1162 daAuts
     D:2: 1112 daAuts
     D:5: 1069 daAuts
     D:4: 1063 daAuts
     D:6: 1057 daAuts
     D:8: 1050 daAuts
     D:9: 878 daAuts
    D:11: 594 daAuts
  Temple: 487 daAuts
  Bailey: 399 daAuts
 Volcano: 228 daAuts
  Lair:1: 155 daAuts
    D:10: 91 daAuts
